 Dungeon Crawl Stone Soup version 0.20-a0-876-g2c7b0bf (webtiles) character file.

148 Nelagord the Sneak (level 5, -2/31 HPs)
             Began as a Gargoyle Assassin on Mar 15, 2017.
             Killed by divine providence
             ... invoked by an orc priest
              (12 damage)
             ... on level 4 of the Dungeon.
             The game lasted 00:08:15 (2474 turns).

Nelagord the Sneak (Gargoyle Assassin)              Turns: 2474, Time: 00:08:16

Health: -2/31      AC: 15    Str: 14    XL:     5   Next: 30%
Magic:  5/5        EV:  8    Int: 12    God:
Gold:   72         SH:  0    Dex: 12    Spells: 4/4 levels left

rFire    . . .     SeeInvis .   l - +0 spear
rCold    . . .     Gourm    .   s - +0 pearl dragon scales
rNeg     + + .     Faith    .   (no shield)
rPois    ∞         Spirit   .   (no helmet)
rElec    +         Reflect  .   d - +0 cloak
rCorr    .         Harm     .   (no gloves)
MR       .....                  (no boots)
Stlth    +.........             (no amulet)
Regen    0.1/turn               (no ring)
MPRegen  0.1/turn               (no ring)

@: no status effects
A: negative energy resistance 1, electricity resistance, unbreathing,
petrification resistance, rot immunity, AC +4
a: no special abilities


You were on level 4 of the Dungeon.
You were not hungry.

You visited 1 branch of the dungeon, and saw 4 of its levels.

You collected 72 gold pieces.

Inventory:

Hand Weapons
 a - a +2 dagger
 b - the cursed +2 whip of Valour {antimagic, Stlth+, unknown}
   (You found it on level 4 of the Dungeon)

   It reduces the magical energy of the wielder, and disrupts the spells and
   magical abilities of those hit.
   Natural abilities and divine invocations are not affected.
   It makes you more stealthy.
   It has a curse placed upon it.
 e - a +1 dagger of holy wrath
 l - a +0 spear (weapon)
Armour
 d - a +0 cloak (worn)
 m - a +1 ring mail of magic resistance
 s - +0 pearl dragon scales (worn)
Scrolls
 k - 2 scrolls of remove curse
Potions
 c - a potion of invisibility
Comestibles
 f - 6 fruits
 g - 3 bread rations


   Skills:
 + Level 2.5 Fighting
 + Level 2.5 Short Blades
 + Level 2.1 Polearms
 + Level 2.0 Throwing
 + Level 2.0 Armour
 + Level 1.0 Dodging
 + Level 5.1 Stealth


You had 4 spell levels left.
You didn't know any spells.

Dungeon Overview and Level Annotations

Branches:
Dungeon (4/15)
 Temple: D:4-7

Altars:
Dithmenos


Innate Abilities, Weirdness & Mutations

You are resistant to torment.
Your stone body is resilient. (AC +4)
You are immune to poison.
You resist negative energy. (rN+)
You are resistant to electric shocks. (rElec)
You can survive without breathing.
You are immune to petrification.
You are immune to rotting.


Message History

The orc priest hits you but does no damage.
You hit the orc priest.
The orc priest is severely wounded.
The orc priest hits you but does no damage.
You hit the orc priest.
The orc priest is severely wounded.
The orc priest calls down the wrath of Beogh upon you.
Beogh smites you!
You closely miss the orc priest.
The orc priest is severely wounded.
The orc priest hits you but does no damage.
You barely miss the orc priest.
The orc priest is severely wounded.
The orc priest barely misses you.
The orc priest calls down the wrath of Beogh upon you.
Beogh smites you!
There is an open door here.
The orc priest invokes the aid of Beogh against you.
Beogh smites you!
You die...

#.# #.......# #.#
####.......# ##.##
#..........#
##...##
##.##.......#
.####.....#
#...(......##
.........##
#.#######..#
######.######.# ###
#..#
#.......o#######..#
#.#####.oo@'_+....#
#.# #..###+###..#
#.# #..# #.# #.##
#.# #..###.###.#
#o# ##.........#
#.# ########### #.#
..#


You could see an orc priest and 2 orcs.

Vanquished Creatures
  2 orc wizards (D:4)
  Jessica (D:2)
  A howler monkey skeleton (D:4)
  2 dart slugs (D:1)
  2 leopard geckos
  An orc (D:4)
  3 giant cockroaches (D:3)
  9 goblins
  5 hobgoblins
  7 kobolds
  3 quokkas
  4 bats
  3 frilled lizards
  3 rats
46 creatures vanquished.

Notes
Turn   | Place    | Note
-------+----------+-------------------------------------------
     0 | D:1      | Nelagord the Gargoyle Assassin began the quest for the Orb.
     0 | D:1      | Reached XP level 1. HP: 12/12 MP: 1/1
   154 | D:1      | Reached XP level 2. HP: 14/17 MP: 2/2
   440 | D:1      | Reached skill level 5 in Stealth
   880 | D:1      | Reached XP level 3. HP: 21/21 MP: 3/3
  1371 | D:2      | Noticed Jessica
  1392 | D:2      | Killed Jessica
  1441 | D:2      | Reached XP level 4. HP: 27/27 MP: 4/4
  1733 | D:3      | Reached skill level 1 in Armour
  2236 | D:4      | Reached skill level 1 in Polearms
  2236 | D:4      | Reached skill level 1 in Dodging
  2278 | D:4      | Reached XP level 5. HP: 29/31 MP: 5/5
  2392 | D:4      | Got a steaming whip
  2415 | D:4      | Found a shadowy altar of Dithmenos.
  2474 | D:4      | Killed from afar by an orc priest

Vault maps used:
D:1:      lemuel_arrival_cross
D:2:      chequers_ecumenical_altar_simple, first_bread, uniq_jessica
D:3:      patterned_corridor
D:4:      lemuel_doored_altar, serial_shops, kennysheep_mini_moat

Skill      XL: |  1  2  3  4  5 |
---------------+----------------+-----
Short Blades   | 2 |  2.5
Stealth        | 5 |  5.1
Throwing       | 2 |  2.0
Armour         | 1 2 |  2.0
Polearms       | 1 2 |  2.1
Dodging        | 1 |  1.0
Fighting       | |  2.5

Action                   |  1- 3 |  4- 6 || total
-------------------------+-------+-------++-------
Melee: Dagger            |    57 |       ||    57
       Spear             |    56 |   148 ||   204
  Use: Scroll            |       |     8 ||     8
       Potion            |       |     6 ||     6
  Eat: Chunk             |     1 |     3 ||     4
       Fruit             |       |     2 ||     2
Armor: Chain mail        |    78 |    15 ||    93
       Robe              |     1 |       ||     1
       Pearl dragon scal |       |    79 ||    79
Dodge: Dodged            |    48 |    53 ||   101
